 Dungeon Sprint DCSS version 0.30-a0-860-g512cf1e979 (webtiles) character file.

Game seed: 12570237763656736057

116 octoduck the Cleaver (level 4, -17/39 HPs)
             Began as a Minotaur Fighter on Mar 8, 2023.
             Killed from afar by an oklob sapling priest (21 damage)
             ... with a splash of acid
             ... in the Dungeon (Sprint IV: "Fedhas' Mad Dash").
             The game lasted 00:01:59 (279 turns).

octoduck the Cleaver (Minotaur Fighter)              Turns: 279, Time: 00:01:59

Health: -17/39     AC:  2    Str: 23    XL:     4   Next: 69%
Magic:  3/3        EV:  9    Int:  5    God:
Gold:   69         SH:  4    Dex:  9    Spells: 3/3 levels left

rFire   . . .      SeeInvis .    a - +0 war axe
rCold   . . .      Faith    .    c - +0 buckler
rNeg    . . .      Spirit   .    b - +0 scale mail
rPois   .          Reflect  .    (helmet restricted)
rElec   .          Rampage  .    (no cloak)
rCorr   .          NoTele   +    (no gloves)
Will    .....                    (no boots) Stlth
                                 g - amulet of invisibility {+Inv}
HPRegen 0.26/turn                (no ring)
MPRegen 0.08/turn                (no ring)

@: corroded, very slightly contaminated, invisible
A: horns 2, retaliatory headbutt
a: Evoke Invisibility


You were in the Dungeon.
You visited 1 branch You collected 69 gold pieces.

Inventory:

Hand Weapons
 a - a +0 war axe (weapon)
Armour
 b - a +0 scale mail (worn)
 c - a +0 buckler (worn)
Jewellery
 g - the amulet of invisibility (around neck) {+Inv}
   (You found it in the Dungeon)

   [amulet of nothing]

   +Inv:      It lets you turn invisible.
Potions
 d - a potion of might
 e - a potion of curing
 f - a potion of heal wounds
 h - 2 potions of magic


   Skills:
 - Level 3.6 Fighting
 + Level 11.4 Axes
 - Level 3.6 Armour
 - Level 3.6 Shields


You had 3 spell levels left.
You didn't know any spells.
Your spell library was empty.

Dungeon Overview and Level Annotations

Branches:
Dungeon (1/1)

Altars:
Cheibriados
Dithmenos
Elyvilon
Gozag
Hepliaklqana
Kikubaaqudgha
Makhleb
Nemelex Xobeh
Okawaru
Qazlal
Ru
Sif Muna
Trog
Uskayaw
Vehumet
Wu Jian
Xom
Yredelemnul
Zin
The Shining One
Jiyva
Lugonu

Annotations:
D exclusion: oklob sapling


Innate Abilities, Weirdness & Mutations

You have a pair of horns on your head.
You reflexively headbutt those who attack you in melee.


Message History

You are very lightly contaminated with residual magic.
As you open the door, it creaks loudly!
Found four altars.
An oklob sapling priest comes into view.
Found nine altars.
Marking area around an oklob sapling priest as unsafe for travelling.
There is an open door here.
Press: ? - help, v - describe, . - travel
Here: an oklob sapling priest (unaware, unable to see you, hasn't noticed you)
The floor.
Okay, then.
Blink to where?
Press: ? - help, Dir - move target
Found ten altars.
As you read the scroll of blinking, it crumbles to dust.
You hit the oklob sapling priest but do no damage.
You headbutt the oklob sapling priest, but do no damage.
The oklob sapling priest spits acid at you.
The splash of acid hits you!
You hit the oklob sapling priest but do no damage.
You headbutt the oklob sapling priest, but do no damage.
You hit the oklob sapling priest but do no damage.
You hit the oklob sapling priest but do no damage.
You headbutt the oklob sapling priest!
The oklob sapling priest is heavily damaged.
The oklob sapling priest spits acid at you.
The splash of acid hits you!!
Ouch! That really hurt!
* * * LOW HITPOINT WARNING * * *
You feel much better.
The oklob sapling priest spits acid at you.
The splash of acid hits you!!
* * * LOW HITPOINT WARNING * * *
The acid corrodes you!
You hit the oklob sapling priest but do no damage.
The oklob sapling priest is heavily damaged.
The oklob sapling priest spits acid at you.
The splash of acid hits you!!
Ouch! That really hurt!
You die...

########################
...#.....#.⌠._._._._.⌠.#
...'.#.[.'.._._._._._..+
...#.#...#..._._P_._...#
#######'##.._._.@._._..#
+...#._._._._._.⌠.#
#...###############
#####


You could see an oklob sapling priest (unable to see you).

Vanquished Creatures
  A scorpion (D)
  2 oklob saplings (D)
  A river rat (D)
  A rat (D)
5 creatures vanquished.

Vanquished Creatures (others)
  3 fungi (D)
3 creatures vanquished.

Grand Total: 8 creatures vanquished

Notes
Turn   | Place    | Note
-------+----------+-------------------------------------------
     0 | D        | octoduck the Minotaur Fighter began the quest for the Orb.
     0 | D        | Reached XP level 1. HP: 19/19 MP: 0/0
    12 | D        | Reached skill level 3 in Axes
    14 | D        | Reached skill level 5 in Axes
    14 | D        | Reached XP level 2. HP: 14/26 MP: 1/1
    72 | D        | Noticed an oklob sapling
    74 | D        | Killed an oklob sapling
    75 | D        | Reached skill level 8 in Axes
    75 | D        | Reached XP level 3. HP: 31/31 MP: 2/2
   123 | D        | Noticed a scorpion
   123 | D        | Found the amulet of invisibility {+Inv}
   128 | D        | Killed a scorpion
   129 | D        | Reached skill level 10 in Axes
   129 | D        | Reached XP level 4. HP: 39/39 MP: 3/3
   159 | D        | Reached skill level 11 in Axes
   271 | D        | Found an opulent altar of Gozag.
   271 | D        | Found a hazy altar of Hepliaklqana.
   271 | D        | Found a snail-covered altar of Cheibriados.
   272 | D        | Found a viscous altar of Jiyva.
   272 | D        | Found a burning altar of Makhleb.
   272 | D        | Found a sparkling altar of Nemelex Xobeh.
   272 | D        | Found a sacrificial altar of Ru.
   272 | D        | Found a shimmering blue altar of Sif Muna.
   272 | D        | Found a bloodstained altar of Trog.
   272 | D        | Found an ornate altar of the Wu Jian Council.
   272 | D        | Found a shimmering altar of Xom.
   272 | D        | Found a basalt altar of Yredelemnul.
   273 | D        | Found a hide-covered altar of Uskayaw.
   273 | D        | Found a radiant altar of Vehumet.
   273 | D        | Found a glowing silver altar of Zin.
   273 | D        | Found an iron altar of Okawaru.
   273 | D        | Found a glowing golden altar of the Shining One.
   273 | D        | Found a stormy altar of Qazlal.
   273 | D        | Found an ancient bone altar of Kikubaaqudgha.
   273 | D        | Found a corrupted altar of Lugonu.
   273 | D        | Found a shadowy altar of Dithmenos.
   273 | D        | Found a white marble altar of Elyvilon.
   277 | D        | HP: 1/39 [oklob sapling priest/splash of acid (27)]
   279 | D        | Killed from afar by an oklob sapling priest

Illustrated notes

Levels and vault maps discovered:
D:        dungeon_sprint_fedhas [sprint_temple]

Skill      XL: |  1  2  3  4 |
---------------+-------------+-----
Axes           | 5 8 10 11 | 11.4
Fighting       | |  3.6
Armour         | |  3.6
Shields        | |  3.6

Action                     |  1- 3 |  4- 6 || total
---------------------------+-------+-------++-------
  Melee: War axe           |    14 |     7 ||    21
         Headbutt          |     2 |     4 ||     6
Ability: Evoke Invisibilit |       |     2 ||     2
    Use: Potion            |     2 |     1 ||     3
         Scroll            |       |     1 ||     1
   Stab: Invisible         |       |     2 ||     2
 Armour: Scale mail        |     3 |       ||     3
  Dodge: Dodged            |     3 |       ||     3
  Block: Buckler           |     4 |       ||     4

Table legend: (Time is in decaauts)
 A = Elapsed time spent in this place.
 B = Non-inter-level travel time spent in this place.
 C = Inter-level travel time spent in this place.
 D = Time resting spent in this place.
 E = Time spent auto-exploring this place.
 F = Levels seen in this place.
 G = Mean time per level.
                   A        B        C        D        E       F      G
               +--------+--------+--------+--------+--------+-----+--------+
         Total |    278 |    278 |      0 |    190 |      0 |   1 |  278.0 |
       Dungeon |    278 |    278 |      0 |    190 |      0 |   1 |  278.0 |
               +--------+--------+--------+--------+--------+-----+--------+

Top non-repeatable levels by time:
       D: 278 daAuts
